Map: 暮色之塔

Players

Quail

  • Race: Protoss Protoss
  • League: Diamond

sweet - Winner!

  • Race: Terran Terran
  • League: Diamond

VOD

Have the link to the VOD?

Description

Time

  • Played on: Dec. 5, 2015, 9:38 a.m.
  • Length: 8:23
Show
View Real Time Build Order
Export as new Build Order

Quail Protoss 

Build Orders: 1 Gate Expand 

Get SALT Encoding   

  12  0:01  Probe (Chrono Boost)  
  13  0:11  Probe (Chrono Boost)  
  14  0:17  Pylon  
  14  0:22  Probe (Chrono Boost)  
  16  0:35  Probe (Chrono Boost)  
  16  0:36  Gateway  
  16  0:46  Probe (Chrono Boost)  
  16  0:47  Assimilator  
  17  0:56  Probe (Chrono Boost)  
  18  1:07  Probe (Chrono Boost)  
  19  1:18  Nexus  
  19  1:23  Probe (Chrono Boost)  
  20  1:32  Cybernetics Core  
  20  1:35  Probe (Chrono Boost)  
  21  1:43  Pylon  
  21  1:46  Probe (Chrono Boost)  
  22  1:53  Assimilator  
  22  1:56  Probe (Chrono Boost)  
  23  2:07  Probe (Chrono Boost)  
  23  2:08  Adept (Chrono Boost)  
  26  2:19  Mothership Core  
  28  2:31  Probe, Robotics Facility  
  29  2:40  Probe  
  29  2:42  Probe  
  33  2:44  Adept (Chrono Boost)  
  33  2:49  Warp Gate (Chrono Boost)  
  33  2:52  Probe  
  33  2:55  Probe  
  33  2:56  Pylon  
  35  3:04  Probe  
  36  3:06  Probe  
  37  3:16  Probe  
  37  3:17  Probe  
  39  3:29  Probe  
  39  3:31  Probe  
  41  3:38  Warp Prism  
  41  3:42  Gateway  
  41  3:43  Probe  
  41  3:44  Gateway, Probe  
  41  3:47  Pylon  
  43  3:53  Probe  
  44  3:57  Adept (Chrono Boost)  
  44  4:00  Probe  
  47  4:06  Gateway  
  47  4:11  Twilight Council  
  47  4:14  Probe, Robotics Bay  
  48  4:20  Probe  
  49  4:26  Probe  
  49  4:30  Probe, Pylon  
  44  4:44  Pylon  
  44  4:57  Probe  
  44  4:58  Resonating Glaives  
  44  4:59  Probe  
  46  5:02  Forge  
  46  5:04  Assimilator  
  46  5:06  Observer (Chrono Boost)  
  42  5:09  Assimilator  
  42  5:10  Adept  
  42  5:13  Zealot x2  
  48  5:15  Probe  
  48  5:16  Probe  
  50  5:26  Probe, Observer (Chrono Boost)  
  52  5:29  Probe  
  53  5:36  Probe  
  53  5:41  Probe  
  55  5:47  Probe, Adept x2  
  55  5:48  Adept  
  62  5:51  Adept  
  62  5:53  Probe  
  61  5:57  Probe  
  54  6:08  Probe x2  
  54  6:18  Photon Cannon  
  52  6:21  Probe  
  52  6:23  Probe  
  54  6:27  Adept x2  
  58  6:35  Pylon  
  58  6:41  Disruptor (Chrono Boost)  
  61  6:47  Probe  
  61  6:49  Probe  
  60  6:54  Gravitic Drive  
  60  7:01  Probe  
  61  7:03  Adept  
  63  7:10  Adept x3  
  60  7:32  Adept  
  60  7:33  Adept x2  
  56  7:52  Gateway  
  56  7:53  Gateway  
  56  7:57  Gateway  
  54  8:02  Stalker x2  
Show
View Real Time Build Order
Export as new Build Order

sweet Terran - Winner!

Build Orders:  

Get SALT Encoding   

  12  0:02  SCV  
  13  0:14  SCV  
  13  0:18  Supply Depot  
  14  0:26  SCV  
  15  0:40  SCV  
  15  0:41  Barracks  
  16  0:46  Refinery  
  16  0:52  SCV  
  17  1:04  SCV  
  18  1:18  SCV  
  19  1:30  Marine, Orbital Command  
  20  1:42  Command Center  
  20  1:53  Factory  
  20  1:54  Marine  
  20  1:58  SCV  
  22  2:07  Supply Depot  
  22  2:10  SCV  
  23  2:29  SCV, Marine  
  25  2:35  Refinery  
  25  2:37  Widow Mine  
  25  2:38  Starport  
  25  2:41  SCV  
  28  2:50  Marine  
  29  2:53  SCV  
  29  2:58  Orbital Command  
  30  3:01  Engineering Bay  
  30  3:05  SCV  
  31  3:10  Supply Depot  
  31  3:17  SCV  
  31  3:18  Medivac  
  29  3:45  Barracks  
  29  3:47  Widow Mine  
  31  3:51  Barracks  
  32  3:56  SCV  
  32  4:02  SCV  
  33  4:04  Terran Infantry Weapons Level 1  
  33  4:06  Barracks Tech Lab  
  33  4:14  SCV  
  33  4:16  Medivac  
  36  4:40  Marauder  
  36  4:42  Stimpack  
  38  4:46  Marine  
  38  4:50  Refinery  
  38  4:51  Refinery  
  37  4:57  Barracks Tech Lab  
  37  5:05  Marine  
  37  5:06  Marauder  
  40  5:08  Factory Tech Lab  
  40  5:10  SCV x2  
  42  5:16  Missile Turret, Marauder  
  42  5:19  Medivac  
  46  5:23  Marine  
  46  5:27  Marine  
  46  5:37  Marauder  
  46  5:41  Marine  
  49  5:44  Marine  
  49  5:46  SCV  
  42  5:59  Marauder, Marine  
  42  6:03  Marauder  
  40  6:11  SCV x2  
  41  6:17  Marine  
  43  6:20  Marauder  
  43  6:23  SCV x2  
  43  6:24  Marauder  
  49  6:34  Marine  
  49  6:35  SCV x2  
  52  6:42  Marauder  
  54  6:50  Marine  
  54  6:52  Marine  
  52  6:56  Siege Tank  
  53  7:07  Supply Depot  
  53  7:08  Marine  
  54  7:18  Marine  
  54  7:26  Marine  
  54  7:27  Marauder  
  54  7:28  Siege Tank  
  60  7:35  Marine  
  60  7:45  Marauder  
  60  7:47  SCV  
  60  7:48  Marine  
  64  7:53  Marine  
  66  8:14  Barracks  
  66  8:15  Barracks  
Tags
 
Add a new tag
Caveats
  • Supply blocks, unpowered buildings, or Contaminate may cause inaccurate times.
  • Supply counts are checked every 10 seconds.